 Dungeon Crawl Stone Soup version 0.22.1-1-ga44c0e56f4 (webtiles) character file.

231 Reeggar the Charmwright (level 6, -10/50 HPs)
             Began as a Gnoll Skald on Oct 22, 2018.
             Was an Initiate of Sif Muna.
             Mangled by a gnoll
             ... wielding a +0 club
              (11 damage)
             ... on level 4 of the Dungeon.
             The game lasted 00:21:49 (3982 turns).

Reeggar the Charmwright (Gnoll Skald)               Turns: 3982, Time: 00:21:51

Health: -10/50     AC:  5    Str: 15    XL:     6   Next: 4%
Magic:  11/13      EV: 14    Int: 16    God:    Sif Muna [......]
Gold:   109        SH:  0    Dex: 14    Spells: 4/15 levels left

rFire    x . .     SeeInvis .   a - +1 spear
rCold    + . .     Gourm    .   (no shield)
rNeg     . . .     Faith    .   b - +0 leather armour
rPois    .         Spirit   .   (no helmet)
rElec    .         Reflect  .   (no cloak)
rCorr    .         Harm     .   f - +1 pair of gloves {archery}
MR       .....                  (no boots)
Stlth    ++........             (no amulet)
HPRegen  0.16/turn              h - ring of ice
MPRegen  0.13/turn              (no ring)

@: lethally poisoned (-10 -> -13), infused
A: distributed training, fangs 1, strong nose
a: Renounce Religion


You were on level 4 of the Dungeon.
You worshipped Sif Muna.
Sif Muna was noncommittal.
You were hungry.

You visited 1 branch of the dungeon, and saw 4 of its levels.

You collected 289 gold pieces.
You spent 180 gold pieces at shops.

Inventory:

Hand Weapons
 a - a +1 spear (weapon)
 y - a +0 spear
Armour
 b - a +0 leather armour (worn)
 f - a +1 pair of gloves of archery (worn)
 k - a +1 pair of gloves
 m - a +0 cloak
 q - a +0 cloak
Jewellery
 h - a ring of ice (left hand)
 u - an uncursed ring of magical power {unknown}
Wands
 x - a wand of digging (9)
Scrolls
 c - a scroll of amnesia
 e - a scroll of blinking {unknown}
 i - a scroll of remove curse
 l - 3 scrolls of teleportation {unknown}
 n - a scroll of immolation {unknown}
 o - a scroll of enchant armour
 t - a scroll of fear {unknown}
 v - a scroll of noise {unknown}
 z - a scroll of identify
Potions
 g - a potion of heal wounds {unknown}
 p - a potion of haste {unknown}
 r - a potion of ambrosia {unknown}
 s - a potion of mutation {unknown}
 w - a potion of curing
Comestibles
 d - 2 rations
 j - 3 chunks of flesh


   Skills:
 + Level 4.9 Fighting
 + Level 1.7 Short Blades
 + Level 1.7 Long Blades
 + Level 1.7 Axes
 + Level 1.7 Maces & Flails
 + Level 4.9 Polearms
 + Level 1.7 Staves
 + Level 1.7 Slings
 + Level 1.7 Bows
 + Level 1.7 Crossbows
 + Level 1.7 Throwing
 + Level 3.1 Armour
 + Level 4.9 Dodging
 + Level 1.7 Stealth
 + Level 1.7 Shields
 + Level 1.7 Unarmed Combat
 + Level 5.2 Spellcasting
 + Level 1.3 Conjurations
 + Level 1.3 Hexes
 + Level 5.6 Charms
 + Level 1.3 Summonings
 + Level 1.3 Necromancy
 + Level 1.3 Translocations
 + Level 1.3 Transmutations
 + Level 1.3 Fire Magic
 + Level 1.3 Ice Magic
 + Level 1.3 Air Magic
 + Level 1.3 Earth Magic
 + Level 1.3 Poison Magic
 + Level 1.9 Invocations
 + Level 1.7 Evocations


You had 4 spell levels left.
You knew the following spells:

 Your Spells              Type           Power        Failure   Level  Hunger
a - Infusion              Chrm           ###.         1%          1    None
b - Song of Slaying       Chrm           ###.....     2%          2    #......
c - Apportation           Tloc           #.....       11%         1    None
d - Summon Small Mammal   Summ           #...         11%         1    None
e - Regeneration          Chrm/Necr      ###.......   13%         3    ###....
f - Spectral Weapon       Hex/Chrm       ###.....     13%         3    ###....

Your spell library contained the following spells:

 Spells                   Type           Power        Failure   Level  Hunger
 Shroud of Golubria       Chrm/Tloc      ###.......   7%          2    #......
 Animate Skeleton         Necr           N/A          11%         1    None
 Confusing Touch          Hex            #.....       11%         1    None


Dungeon Overview and Level Annotations

Branches:
Dungeon (4/15)
 Temple: D:4-7

Altars:
Makhleb
Nemelex Xobeh
Sif Muna

Shops:
D:4 [!*


Innate Abilities, Weirdness & Mutations

Your experience applies equally to all skills.
You have very sharp teeth.
Your uncanny sense of smell can sniff out nearby items.


Message History

The worker ant is severely wounded.
You feel sick. The worker ant closely misses you. The adder closely misses you.
You hit the worker ant but do no damage.
The worker ant is severely wounded.
The gnoll rages.
The worker ant barely misses you. The adder bites you.
The worker ant misses you. The gnoll hits you with a club.
You barely miss the worker ant.
The worker ant is severely wounded.
You feel sick. The worker ant bites you.
The adder bites you but does no damage. The gnoll hits you with a club!
* * * LOW HITPOINT WARNING * * *
The worker ant closely misses you.
You completely miss the worker ant.
The worker ant is heavily wounded.
You are feeling hungry.
The worker ant bites you.
* * * LOW HITPOINT WARNING * * *
The adder barely misses you. The gnoll hits you with a club!
You die...

#.........#
##........# .#
####.##### ..# #)#
##'## #.#####.<...
#...........
######...........
##⌠.⌠.....aS......
...∩......@a......
..⌠.⌠......g.....#
.................#
#######..........#
############


You could see 2 worker ants, a gnoll (berserk) and an adder.

Vanquished Creatures
  A howler monkey (D:4)
  A crimson imp (D:3)
  An orc wizard (D:4)
  A hound (D:3)
  2 adders
  An adder skeleton (D:4)
  A dart slug (D:1)
  3 worms
  3 leopard geckos
  9 orcs
  4 giant cockroaches
  8 goblins
  5 hobgoblins
  2 quokkas
  6 bats
  2 frilled lizards (D:2)
  2 kobolds
  A quokka skeleton (D:4)
  6 rats
59 creatures vanquished.

Vanquished Creatures (others)
  A spectral weapon (D:4)
1 creature vanquished.

Grand Total: 60 creatures vanquished

Notes
Turn   | Place    | Note
-------+----------+-------------------------------------------
     0 | D:1      | Reeggar the Gnoll Skald began the quest for the Orb.
     0 | D:1      | Reached XP level 1. HP: 20/20 MP: 6/6
   338 | D:1      | Reached XP level 2. HP: 22/26 MP: 7/7
   834 | D:1      | Learned a level 2 spell: Song of Slaying
   836 | D:1      | Learned a level 1 spell: Apportation
   838 | D:1      | Learned a level 1 spell: Summon Small Mammal
  1023 | D:1      | Reached XP level 3. HP: 31/31 MP: 9/9
  1258 | D:2      | Found a deep blue altar of Sif Muna.
  1284 | D:2      | Became a worshipper of Sif Muna the Loreminder
  1358 | D:2      | Reached skill level 5 in Spellcasting
  1945 | D:2      | Reached skill level 1 in Invocations
  2377 | D:2      | Reached skill level 1 in Short Blades
  2377 | D:2      | Reached skill level 1 in Long Blades
  2377 | D:2      | Reached skill level 1 in Axes
  2377 | D:2      | Reached skill level 1 in Maces & Flails
  2377 | D:2      | Reached skill level 1 in Staves
  2377 | D:2      | Reached skill level 1 in Slings
  2377 | D:2      | Reached skill level 1 in Bows
  2377 | D:2      | Reached skill level 1 in Crossbows
  2377 | D:2      | Reached skill level 1 in Throwing
  2377 | D:2      | Reached skill level 1 in Stealth
  2377 | D:2      | Reached skill level 1 in Shields
  2377 | D:2      | Reached skill level 1 in Unarmed Combat
  2377 | D:2      | Reached skill level 1 in Evocations
  2699 | D:3      | Reached XP level 4. HP: 38/38 MP: 11/11
  2809 | D:3      | Learned a level 3 spell: Regeneration
  2813 | D:3      | Learned a level 3 spell: Spectral Weapon
  2866 | D:3      | Found a sparkling altar of Nemelex Xobeh.
  2893 | D:3      | Reached skill level 1 in Conjurations
  2893 | D:3      | Reached skill level 1 in Hexes
  2893 | D:3      | Reached skill level 1 in Summonings
  2893 | D:3      | Reached skill level 1 in Necromancy
  2893 | D:3      | Reached skill level 1 in Translocations
  2893 | D:3      | Reached skill level 1 in Transmutations
  2893 | D:3      | Reached skill level 1 in Fire Magic
  2893 | D:3      | Reached skill level 1 in Ice Magic
  2893 | D:3      | Reached skill level 1 in Air Magic
  2893 | D:3      | Reached skill level 1 in Earth Magic
  2893 | D:3      | Reached skill level 1 in Poison Magic
  3173 | D:3      | Found a burning altar of Makhleb.
  3182 | D:3      | Reached XP level 5. HP: 43/43 MP: 5/12
  3611 | D:4      | Found Villemn's Assorted Antiques.
  3613 | D:4      | Found Vuqolong's Distillery.
  3639 | D:4      | Bought a pair of embroidered gloves for 180 gold pieces
  3939 | D:4      | Reached XP level 6. HP: 47/50 MP: 13/13
  3963 | D:4      | Found Onisch's Armour Emporium.
  3982 | D:4      | HP: 1/50 [worker ant (6)]
  3982 | D:4      | Mangled by a gnoll

Skill      XL: |  1  2  3  4  5 |
---------------+----------------+-----
Spellcasting   | 5 |  5.2
Invocations    | 1 |  1.9
Short Blades   | 1 |  1.7
Long Blades    | 1 |  1.7
Axes           | 1 |  1.7
Maces & Flails | 1 |  1.7
Staves         | 1 |  1.7
Slings         | 1 |  1.7
Bows           | 1 |  1.7
Crossbows      | 1 |  1.7
Throwing       | 1 |  1.7
Stealth        | 1 |  1.7
Shields        | 1 |  1.7
Unarmed Combat | 1 |  1.7
Evocations     | 1 |  1.7
Conjurations   | 1 |  1.3
Hexes          | 1 |  1.3
Summonings     | 1 |  1.3
Necromancy     | 1 |  1.3
Translocations | 1 |  1.3
Transmutations | 1 |  1.3
Fire Magic     | 1 |  1.3
Ice Magic      | 1 |  1.3
Air Magic      | 1 |  1.3
Earth Magic    | 1 |  1.3
Poison Magic   | 1 |  1.3
Armour         | 3 |  3.1
Fighting       | |  4.9
Polearms       | |  4.9
Dodging        | |  4.9
Charms         | |  5.6

Action                   |  1- 3 |  4- 6 || total
-------------------------+-------+-------++-------
Melee: Spear             |   139 |   113 ||   252
       Bite              |    17 |     9 ||    26
       Punch             |       |     3 ||     3
 Cast: Infusion          |     3 |     4 ||     7
       Spectral Weapon   |       |     2 ||     2
  Use: Scroll            |     3 |     4 ||     7
       Potion            |     2 |     1 ||     3
 Stab: Sleeping          |       |     2 ||     2
  Eat: Chunk             |     5 |     1 ||     6
       Ration            |     1 |       ||     1
Armor: Leather armour    |    24 |    32 ||    56
Dodge: Dodged            |   116 |    86 ||   202
